 Dungeon Crawl Stone Soup version 0.29.0-4-gdea44cf6ec (webtiles) character file.

Game seed: 9952333250946633408

581 qw the Chopper (level 7, -1/40 HPs)
             Began as a Tengu Warper on Aug 28, 2022.
             Slain by a gnoll
             ... wielding a +0 whip
             ... led by a gnoll sergeant
              (2 damage)
             ... on level 5 of the Dungeon.
             The game lasted 00:00:31 (5713 turns).

qw the Chopper (Tengu Warper)                       Turns: 5713, Time: 00:00:31

Health: -1/40      AC: 12    Str: 16    XL:     7   Next: 36%
Magic:  11/11      EV:  6    Int: 15    God:
Gold:   262        SH:  9    Dex: 13    Spells: 10/10 levels left

rFire   . . .      SeeInvis .   Y - +1 hand axe
rCold   + . .      Faith    .   j - +0 kite shield
rNeg    . . .      Spirit   .   a - +0 chain mail
rPois   .          Reflect  .   (helmet restricted)
rElec   +          Harm     .   (no cloak)
rCorr   .          Rampage  .   (no gloves)
Will    +....                   (boots unavailable)
Stlth   ..........              (no amulet)
HPRegen 0.13/turn               b - ring "Doxut" {rElec rC+ AC+4 Str+2 Int+2}
MPRegen 0.12/turn               k - ring of willpower

@: about to teleport, flying quickly and evasively, quick
A: beak, talons 3, nimble flight
a: no special abilities


You were on level 5 of the Dungeon.
You visited 1 branch of the dungeon, and saw 5 of its levels.

You collected 262 gold pieces.


Innate Abilities, Weirdness & Mutations

You have a beak for a mouth.
You have claws for feet.
Your magical nature lets you fly swiftly and evasively.


   Skills:
 + Level 2.1 Fighting
 - Level 7.0 Axes
 - Level 1.0 Throwing
 - Level 2.0 Armour
 - Level 2.1 Dodging
 - Level 4.0 Shields
 - Level 2.0 Spellcasting
 - Level 2.4 Translocations


You had 10 spell levels left.
You didn't know any spells.
Your spell library contained the following spells:

 Spells                   Type           Power      Damage    Failure   Level
 Blink                    Tloc           16%        N/A       100%        2
 Gell's Gravitas          Tloc           8%         N/A       100%        3
 Lesser Beckoning         Tloc           8%         N/A       100%        3
 Teleport Other           Tloc           8%         N/A       100%        3
 Manifold Assault         Tloc           8%         N/A       100%        5

Inventory:

Hand Weapons
 g - a +0 flail
 Y - a +1 hand axe (weapon)
Missiles
 f - 9 boomerangs (quivered)
Armour
 a - a +0 chain mail (worn)
 c - a +0 plate armour
 j - a +0 kite shield (worn)
Jewellery
 b - the ring "Doxut" (left hand) {rElec rC+ AC+4 Str+2 Int+2}
   (You acquired it on level 2 of the Dungeon)

   [ring of protection]

   AC:        It affects your AC (+4).
   Str:       It affects your strength (+2).
   Int:       It affects your intelligence (+2).
   rC:        It protects you from cold.
   rElec:     It insulates you from electricity.
 h - a ring of fire
 i - a ring of resist corrosion
 k - a ring of willpower (right hand)
Scrolls
 l - a scroll of identify
Potions
 e - a potion of curing
 n - a potion of cancellation {unknown}

Dungeon Overview and Level Annotations

Branches:
Dungeon (5/15)
 Temple: D:4-7

Altars:
Elyvilon
Hepliaklqana
Ru
Uskayaw
Xom

Annotations:
D:2 1 runed translucent door, Crazy Yiuf


Message History

The gnoll sergeant hits you from afar with a +2 spear of freezing!
You hit the gnoll.
You kill the gnoll!
The gnoll sergeant hits you from afar with a +2 spear of freezing.
You block the gnoll's attack.
The gnoll sergeant hits you but does no damage.
There is an open door, spattered with blood here.
Things that are here:
a +0 club; a gnoll corpse You closely miss the gnoll sergeant.
You peck the gnoll sergeant, but do no damage.
You hit the gnoll. The gnoll sergeant barely misses you.
The gnoll hits you but does no damage.
You closely miss the gnoll. You claw the gnoll, but do no damage.
You peck the gnoll.
The gnoll is heavily wounded.
You barely miss the gnoll. You barely miss the gnoll sergeant.
The gnoll hits you with a +0 whip. You block the gnoll sergeant's attack.
You block the gnoll's attack.
You hit the gnoll. You claw the gnoll, but do no damage.
You peck the gnoll, but do no damage.
The gnoll is almost dead.
You hit the gnoll sergeant but do no damage.
You hit the gnoll. You block the gnoll's attack.
The gnoll sergeant hits you with a +2 spear of freezing.
The gnoll hits you with a +0 club. x2; The gnoll closely misses you.
The gnoll sergeant hits you with a +2 spear of freezing!
The gnoll sergeant freezes you.
5712 ||| READING scroll of teleportation.
As you read the scroll of teleportation, it crumbles to dust.
You feel strangely unstable. The gnoll hits you but does no damage.
You block the gnoll's attack. You block the gnoll sergeant's attack.
You hit the gnoll.
You kill the gnoll!
You hit the gnoll.
You hit the gnoll sergeant but do no damage.
The gnoll hits you with a +0 whip.
You die...

#.# #..........# #.#
#.#.....[... #.#
#.#......#
#######.###........#.#
#...............##....
.#####.###.##..(....#
#.......##.#######
#.#.######.# # ##.#.#
#@# #.##..#.# #)gg#
#.......# #.....#
####.#### #......$#
##...####.........#
#.......+.........+
##...####.........#
##.## ##.......## #.#


You could see a gnoll sergeant and a gnoll.

Vanquished Creatures
  An orc warrior (D:5)
  A howler monkey (D:4)
  An orc priest (D:5)
  2 hounds (D:4)
  A jelly (D:4)
  An iguana (D:4)
  An orc wizard (D:4)
  Natasha (thrice) (D:2)
  Robin (D:2)
  2 gnolls (D:5)
  7 adders
  6 worms
  2 dart slugs
  8 orcs
  3 bats
  8 endoplasms
  6 giant cockroaches
  10 goblins
  8 hobgoblins
  5 jackals
  3 quokkas
  8 ball pythons
  4 frilled lizards
  7 kobolds
  9 rats
108 creatures vanquished.

Vanquished Creatures (others)
  A fungus (D:3)
  2 plants (D:3)
  5 toadstools (D:3)
8 creatures vanquished.

Grand Total: 116 creatures vanquished

Notes
Turn   | Place    | Note
-------+----------+-------------------------------------------
     0 | D:1      | qw the Tengu Warper began the quest for the Orb.
     0 | D:1      | Reached XP level 1. HP: 12/12 MP: 4/4
     0 | D:1      | 0 ||| qw: Version: 0.1-a-89-g26bdef1
     0 | D:1      | 0 ||| qw: Game counter: 2105
     0 | D:1      | 0 ||| qw: Always use a shield: true
     0 | D:1      | 0 ||| qw: God list: Okawaru
     0 | D:1      | 0 ||| qw: Allow faded altars: false
     0 | D:1      | 0 ||| qw: Do Orc after D:15 true
     0 | D:1      | 0 ||| qw: Do second Lair branch before Depths: true
     0 | D:1      | 0 ||| qw: Lair rune preference: random
     0 | D:1      | 0 ||| qw: Plans: Normal
     0 | D:1      | 0 ||| PLANNING D:1-11
   287 | D:1      | Reached XP level 2. HP: 17/17 MP: 6/6
   311 | D:1      | 311 ||| Stepping ~*~*~tactically~*~*~ (stealth).
   315 | D:1      | Reached skill level 3 in Axes
   674 | D:1      | 674 ||| DROPPING +0 club.
   894 | D:1      | Reached XP level 3. HP: 21/21 MP: 7/7
  1075 | D:1      | 1075 ||| UPGRADING to +0 ring mail.
  1085 | D:1      | 1085 ||| DROPPING +0 leather armour.
  1086 | D:1      | 1086 ||| UPGRADING to ring of resist corrosion.
  1087 | D:1      | 1087 ||| READING scroll labelled NAESKIAREO.
  1088 | D:1      | 1088 ||| READING scroll labelled XUX POETWEN.
  1089 | D:1      | 1089 ||| READING scroll labelled APTAWA USMEBB.
  1090 | D:1      | 1090 ||| DROPPING scroll of blinking.
  1368 | D:2      | Found a runed translucent door.
  1369 | D:2      | Noticed Crazy Yiuf
  1395 | D:2      | Reached skill level 4 in Axes
  1430 | D:2      | Noticed Natasha
  1434 | D:2      | HP: 4/21 [ball python (3)]
  1436 | D:2      | Killed Natasha
  1438 | D:2      | Reached XP level 4. HP: 4/26 MP: 8/8
  1870 | D:2      | Noticed Natasha
  1881 | D:2      | Killed Natasha
  1882 | D:2      | Reached skill level 5 in Axes
  2067 | D:2      | 2067 ||| Stepping ~*~*~tactically~*~*~ (stealth).
  2270 | D:2      | Noticed Natasha
  2278 | D:2      | Killed Natasha
  2279 | D:2      | Gained mutation: Your magical nature lets you fly swiftly
                  | and evasively. [Tengu growth]
  2279 | D:2      | Reached XP level 5. HP: 19/30 MP: 9/9
  2785 | D:2      | 2785 ||| Stepping ~*~*~tactically~*~*~ (stealth).
  2788 | D:2      | 2788 ||| Stepping ~*~*~tactically~*~*~ (stealth).
  2790 | D:2      | 2790 ||| Stepping ~*~*~tactically~*~*~ (stealth).
  2799 | D:2      | Reached skill level 6 in Axes
  2804 | D:2      | 2804 ||| Stepping ~*~*~tactically~*~*~ (stealth).
  2807 | D:2      | 2807 ||| Stepping ~*~*~tactically~*~*~ (stealth).
  2813 | D:2      | Noticed Robin
  2818 | D:2      | Killed Robin
  2819 | D:2      | 2819 ||| Stepping ~*~*~tactically~*~*~ (hiding).
  2834 | D:2      | 2834 ||| FLEEEEING.
  2835 | D:2      | 2835 ||| FLEEEEING.
  2836 | D:2      | 2836 ||| FLEEEEING.
  2837 | D:2      | 2837 ||| FLEEEEING.
  2838 | D:2      | 2838 ||| FLEEEEING.
  2839 | D:2      | 2839 ||| FLEEEEING.
  2840 | D:2      | 2840 ||| FLEEEEING.
  2841 | D:2      | 2841 ||| FLEEEEING.
  2842 | D:2      | 2842 ||| FLEEEEING.
  2843 | D:2      | 2843 ||| FLEEEEING.
  2844 | D:2      | 2844 ||| FLEEEEING.
  2845 | D:2      | 2845 ||| FLEEEEING.
  2846 | D:2      | 2846 ||| FLEEEEING.
  2847 | D:2      | 2847 ||| FLEEEEING.
  2848 | D:2      | 2848 ||| FLEEEEING.
  2849 | D:2      | 2849 ||| FLEEEEING.
  2851 | D:2      | 2851 ||| FLEEEEING.
  2852 | D:2      | 2852 ||| FLEEEEING.
  2853 | D:2      | 2853 ||| FLEEEEING.
  2899 | D:2      | 2899 ||| FLEEEEING.
  2900 | D:2      | 2900 ||| FLEEEEING.
  2901 | D:2      | 2901 ||| FLEEEEING.
  2915 | D:2      | 2915 ||| Stepping ~*~*~tactically~*~*~ (hiding).
  3166 | D:2      | 3166 ||| UPGRADING to +0 chain mail.
  3176 | D:2      | 3176 ||| DROPPING +0 ring mail.
  3177 | D:2      | 3177 ||| UPGRADING to ring of willpower.
  3178 | D:2      | 3178 ||| READING scroll labelled RISTRO FOEGAG.
  3179 | D:2      | 3179 ||| READING scroll labelled FIOMAD DAICAM.
  3180 | D:2      | 3180 ||| READING scroll labelled ZUKKOR ZIXA.
  3180 | D:2      | Identified a scroll of acquirement
  3180 | D:2      | 3180 ||| ACQUIRING ring "Doxut" {rElec rC+ AC+4 Str+2
                  | Int+2}
  3180 | D:2      | Acquired the ring "Doxut" {rElec rC+ AC+4 Str+2 Int+2}
  3182 | D:2      | 3182 ||| UPGRADING to ring "Doxut" {rElec rC+ AC+4 Str+2
                  | Int+2}.
  3184 | D:2      | 3184 ||| READING scroll labelled YZINUY PYINI.
  3443 | D:3      | 3443 ||| Stepping ~*~*~tactically~*~*~ (stealth).
  3499 | D:3      | 3499 ||| DROPPING +0 whip.
  3614 | D:3      | Found a sacrificial altar of Ru.
  3635 | D:3      | 3635 ||| Stepping ~*~*~tactically~*~*~ (stealth).
  3789 | D:3      | Reached XP level 6. HP: 35/35 MP: 10/10
  3944 | D:3      | 3944 ||| DROPPING scarf of shadows.
  3945 | D:3      | 3945 ||| READING scroll labelled TOBBIO JIATRUL.
  3946 | D:3      | 3946 ||| DRINKING 2 fuming red potions.
  4013 | D:4      | HP: 6/35 [iguana (8)]
  4049 | D:4      | 4049 ||| Stepping ~*~*~tactically~*~*~ (stealth).
  4392 | D:4      | 4392 ||| FLEEEEING.
  4393 | D:4      | 4393 ||| FLEEEEING.
  4394 | D:4      | 4394 ||| FLEEEEING.
  4395 | D:4      | 4395 ||| FLEEEEING.
  4396 | D:4      | 4396 ||| FLEEEEING.
  4397 | D:4      | 4397 ||| FLEEEEING.
  4398 | D:4      | 4398 ||| FLEEEEING.
  4399 | D:4      | 4399 ||| FLEEEEING.
  4401 | D:4      | 4401 ||| FLEEEEING.
  4402 | D:4      | 4402 ||| FLEEEEING.
  4403 | D:4      | 4403 ||| FLEEEEING.
  4405 | D:4      | 4405 ||| FLEEEEING.
  4406 | D:4      | 4406 ||| FLEEEEING.
  4414 | D:4      | 4414 ||| STAIRDANCE
  4484 | D:3      | 4484 ||| UPGRADING to +0 kite shield.
  4564 | D:4      | Found a hide-covered altar of Uskayaw.
  4715 | D:4      | Reached skill level 1 in Shields
  5080 | D:4      | Reached XP level 7. HP: 39/40 MP: 11/11
  5451 | D:4      | Found a shimmering altar of Xom.
  5454 | D:4      | Found a hazy altar of Hepliaklqana.
  5457 | D:4      | Found a white marble altar of Elyvilon.
  5474 | D:4      | 5474 ||| READING scroll labelled YKHLUG QONNA.
  5475 | D:4      | 5475 ||| READING scroll labelled MEOBLE COPPENT.
  5576 | D:4      | 5576 ||| READING 3 scrolls of identify.
  5576 | D:4      | 5576 ||| IDENTIFYING fuming silvery potion
  5577 | D:4      | 5577 ||| READING 2 scrolls of identify.
  5577 | D:4      | 5577 ||| IDENTIFYING clear potion
  5578 | D:4      | 5578 ||| DROPPING potion of ambrosia.
  5579 | D:4      | 5579 ||| DROPPING potion of degeneration.
  5599 | D:5      | Entered Level 5 of the Dungeon
  5617 | D:5      | Reached skill level 3 in Shields
  5653 | D:5      | Reached skill level 7 in Axes
  5711 | D:5      | HP: 3/40 [gnoll sergeant/+2 spear of freezing (11)]
  5711 | D:5      | HP: 1/40 [gnoll sergeant/+2 spear of freezing (2)]
  5712 | D:5      | 5712 ||| READING scroll of teleportation.
  5713 | D:5      | Slain by a gnoll

Levels and vault maps discovered:
D:1:      saegor_arrival_simple_c, layout_loops_corners
D:2:      layout_loops_ring, kennysheep_generic_room_11,
          uniq_crazy_yiuf_cottage, uniq_robin, uniq_natasha
D:3:      layout_basic, nicolae_ru_the_path_less_chosen, grunt_ministairs_3,
          minmay_gold_behind_fungi, chequers_serial_rivers_marsh
D:4:      wander_river, layout_basic, grunt_temple_overflow_cloverleaf,
          kennysheep_generic_room_12
D:5:      layout_loops_corners, gammafunk_ghost_split, sigmund_edmund_badplayer

Skill      XL: |  1  2  3  4  5  6  7 |
---------------+----------------------+-----
Axes           | 3 4 5 6 7 |  7.0
Armour         | 2 |  2.0
Shields        | 2 4 |  4.0
Fighting       | |  2.1
Throwing       | |  1.0
Dodging        | |  2.1
Spellcasting   | |  2.0
Translocations | |  2.4

Action                   |  1- 3 |  4- 6 |  7- 9 || total
-------------------------+-------+-------+-------++-------
Melee: Hand axe          |    63 |   186 |    27 ||   276
       Kick              |    13 |    42 |    12 ||    67
       Peck              |     7 |    19 |     7 ||    33
       Punch             |       |     2 |       ||     2
Throw: Boomerang         |     7 |    20 |     4 ||    31
  Use: Scroll            |     3 |     5 |     5 ||    13
       Potion            |       |     1 |       ||     1
 Stab: Distracted        |     1 |       |       ||     1
Armor: Leather armour    |     9 |       |       ||     9
       Ring mail         |     6 |    27 |       ||    33
       Chain mail        |       |    33 |     9 ||    42
Dodge: Dodged            |    29 |    60 |     5 ||    94
Block: Kite shield       |       |     6 |    13 ||    19

Table legend:
 A = Non-vault XP
 B = Vault XP
 C = Vault XP percentage of total XP
 D = Non-vault monster count
 E = Vault monster count
 F = Vault count percentage of total count
                 A         B        C        D         E       F
            +---------+---------+-------+---------+---------+-------
      Total |     726 |     119 |  14.1 |      90 |      18 |  16.7
            +---------+---------+-------+---------+---------+-------
        D:1 |      36 |       0 |   0.0 |      21 |       0 |   0.0
        D:2 |     148 |      73 |  33.0 |      24 |      14 |  36.8
        D:3 |      68 |       5 |   6.8 |      21 |       2 |   8.7
        D:4 |     263 |      41 |  13.5 |      16 |       2 |  11.1
        D:5 |     211 |       0 |   0.0 |       8 |       0 |   0.0
            +---------+---------+-------+---------+---------+-------
